 Dungeon Crawl Stone Soup version 0.30-a0-696-g2367cd04db (webtiles) character file.

Game seed: 2942075157279193979

27 bande the Covered (level 3, 0/23 HPs)
             Began as a Gargoyle Fighter on Jan 21, 2023.
             Slain by Sigmund
             ... wielding a +0 scythe
              (3 damage)
             ... on level 2 of the Dungeon.
             The game lasted 00:01:40 (690 turns).

bande the Covered (Gargoyle Fighter)                 Turns: 690, Time: 00:01:41

Health: 0/23       AC: 10    Str: 19    XL:     3   Next: 10%
Magic:  3/3        EV:  9    Int:  8    God:
Gold:   81         SH:  4    Dex: 11    Spells: 2/2 levels left

rFire   . . .      SeeInvis .    a - +0 war axe
rCold   . . .      Faith    .    c - +0 buckler
rNeg    + . .      Spirit   .    b - +0 scale mail
rPois   ∞          Reflect  .    (no helmet)
rElec   +          Harm     .    (no cloak)
rCorr   .          Rampage  .    (no gloves)
Will    .....                    (no boots) Stlth
                                 (no amulet)
HPRegen 0.23/turn                (no ring)
MPRegen 0.08/turn                (no ring)

@: mighty
A: sickness immunity, AC +3, negative energy resistance 1, electricity
resistance, torment resistance 1, petrification resistance
a: no special abilities


You were on level 2 of the Dungeon.
You visited 1 branch of the dungeon, and saw 2 of its levels.

You collected 81 gold pieces.

Inventory:

Hand Weapons
 a - a +0 war axe (weapon)
Armour
 b - a +0 scale mail (worn)
 c - a +0 buckler (worn)
Jewellery
 i - a ring of wizardry
Scrolls
 e - 3 scrolls of identify {unknown}
 h - a scroll of butterflies {unknown}
 j - a scroll of vulnerability {unknown}
Potions
 f - a potion of lignification {unknown}
 g - a potion of haste {unknown}


   Skills:
 + Level 3.4 Fighting
 + Level 2.2 Axes
 + Level 3.8 Armour
 + Level 3.5 Shields


You had 2 spell levels left.
You didn't know any spells.
Your spell library contained the following spells:

 Spells                   Type           Power      Damage    Failure   Level
 Beastly Appendage        Tmut           0%         N/A       86%         1
 Sting                    Tmut/Pois      0%         1d3       86%         1
 Poisonous Vapours        Pois/Air       0%         N/A       94%         2
 Wereblood                Tmut           0%         N/A       94%         2
 Spider Form              Tmut/Pois      0%         N/A       99%         3
 Olgreb's Toxic Radiance  Pois           0%         N/A       100%        4


Dungeon Overview and Level Annotations

Branches:
Dungeon (2/15)

Altars:

Shops:
D:1 ?

Annotations:
D:2 Sigmund


Innate Abilities, Weirdness & Mutations

You are immune to sickness and miasma.
Your stone body is resilient. (AC +3)
You are immune to poison.
You resist negative energy. (rN+)
You are resistant to electric shocks. (rElec)
You are resistant to unholy torment.
You are immune to petrification.


Message History

You bump into the rock wall.
A goblin comes into view. It is wielding a +0 dagger.
Sigmund asks, "Do you like me?"
Sigmund points at you and mumbles some strange words.
The magic dart hits you.
You're too confused to move!
You feel less confused. Sigmund casts a spell at you. The magic dart hits you.
You slash the worm!
The worm is heavily wounded.
The worm closely misses you.
You slice the worm!!
You kill the worm!
Sigmund mumbles some strange words.
Sigmund flickers and vanishes!
Deactivating autopickup; reactivate with Ctrl-A.
You have reached level 3!
Your experience leads to an increase in your attributes!
Increase (S)trength, (I)ntelligence, or (D)exterity?
You feel agile. x2
You completely miss the quokka.
An adder comes into view.
The quokka bites you but does no damage.
The quokka barely misses you.
The adder hisses angrily.
You slash the quokka!
You kill the quokka!
Something hits you but does no damage. The kobold barely misses you.
An endoplasm comes into view.
You barely miss the kobold. Something hits you. You block the kobold's attack.
You barely miss the kobold.
The kobold hits you with a +0 short sword.
Something hits you but does no damage. The kobold closely misses you.
You slash the kobold!
You kill the kobold!
Something hits you!
* * * LOW HITPOINT WARNING * * *
Something hits you.
You die...

#..)........#####
#.##.#.###......#
#.##.#.# #.####.#
#....#.###.####.##
#........#.#.....
.........#.#.##.#
#...####.#.#.##.#
#...#...........########
#.....##.#######@{gJ....
##..†....# #.#S##...
##..####.# #.# #
.........# #.#
..######## #.# .## #..
.# ### ##


You could see an adder, an endoplasm and a goblin.

Vanquished Creatures
  A worm (D:2)
  A dart slug (D:1)
  3 endoplasms (D:1)
  2 giant cockroaches (D:1)
  A goblin (D:1)
  2 hobgoblins (D:1)
  A kobold (D:2)
  3 quokkas (D:2)
  2 ball pythons (D:1)
  A bat (D:2)
  A frilled lizard (D:1)
  2 rats
20 creatures vanquished.

Notes
Turn   | Place    | Note
-------+----------+-------------------------------------------
     0 | D:1      | bande the Gargoyle Fighter began the quest for the Orb.
     0 | D:1      | Reached XP level 1. HP: 14/14 MP: 1/1
   179 | D:1      | Reached XP level 2. HP: 19/19 MP: 2/2
   236 | D:1      | Found Woemp's Magic Scroll Boutique.
   676 | D:2      | Noticed Sigmund
   685 | D:2      | Reached XP level 3. HP: 17/23 MP: 3/3
   690 | D:2      | Slain by Sigmund

Illustrated notes

Levels and vault maps discovered:
D:1:      dpeg_arrival_simpleton_c, layout_basic, serial_shops,
          nicolae_shop_hallway_stairs, minmay_misc_feat_secret_circle
D:2:      layout_loops_cross, serial_glass, glass_columns_a, glass_columns_a,
          minmay_liquid_box, uniq_jessica, uniq_sigmund

Skill      XL: |  1  2 |
---------------+-------+-----
Axes           | 2 |  2.2
Fighting       | |  3.4
Armour         | |  3.8
Shields        | |  3.5

Action                   || total
-------------------------++-------
Melee: War axe           ||    57
  Use: Potion            ||     1
Armor: Scale mail        ||    22
Dodge: Dodged            ||    36
Block: Buckler           ||    12

Table legend: (Time is in decaauts)
 A = Elapsed time spent in this place.
 B = Non-inter-level travel time spent in this place.
 C = Inter-level travel time spent in this place.
 D = Time resting spent in this place.
 E = Time spent auto-exploring this place.
 F = Levels seen in this place.
 G = Mean time per level.
                   A        B        C        D        E       F      G
               +--------+--------+--------+--------+--------+-----+--------+
         Total |    716 |    704 |     12 |      0 |    547 |   2 |  358.0 |
       Dungeon |    716 |    704 |     12 |      0 |    547 |   2 |  358.0 |
               +--------+--------+--------+--------+--------+-----+--------+

Top non-repeatable levels by time:
     D:1: 587 daAuts
     D:2: 128 daAuts
